 Dungeon Crawl Stone Soup version 0.28-a0-1638-g9123634e07 (webtiles) character file.

Game seed: 12884431258399705547

4657 HallandMoats the Fighter (level 10, -11/93 HPs)
             Began as a Ghoul Fighter on Jan 25, 2022.
             Was a Believer of Jiyva.
             Mangled by Gastronok (34 damage)
             ... on level 8 of the Dungeon.
             The game lasted 00:12:12 (6754 turns).

HallandMoats the Fighter (Ghoul Fighter)            Turns: 6754, Time: 00:12:13

Health: -11/93     AC:  8    Str: 21    XL:     10   Next: 43%
Magic:  13/13      EV: 11    Int:  5    God:    Jiyva [**....]
Gold:   171        SH:  5    Dex: 10    Spells: 9/9 levels left

rFire   + . .      SeeInvis .   f - +3 war axe
rCold   + . .      Faith    .   b - +0 buckler
rNeg    + + +      Spirit   .   a - +0 scale mail
rPois   ∞          Reflect  .   s - +0 helmet
rElec   .          Harm     .   (no cloak)
rCorr   +          Rampage  .   (no gloves)
Will    .....                   (no boots)
Stlth   ..........              c - amulet "Xopior" {Acrobat +Blink rF+}
HPRegen 0.96/turn               (no ring)
MPRegen 0.43/turn               (no ring)

@: inhibited regen, slowed, very slow
A: claws 1, cold resistance 1, negative energy resistance 3, inhibited
regeneration, torment resistance 2
a: Renounce Religion, Evoke Blink


You were on level 8 of the Dungeon.
You worshipped Jiyva.
Jiyva was pleased with you.
You visited 2 branches of the dungeon, and saw 9 of its levels.

You collected 171 gold pieces.

Inventory:

Hand Weapons
 f - a +3 war axe (weapon)
 j - a +0 hand axe of electrocution
Armour
 a - a +0 scale mail (worn)
 b - a +0 buckler (worn)
 s - a +0 helmet (worn)
Jewellery
 c - the amulet "Xopior" (around neck) {Acrobat +Blink rF+}
   (You took it off an orc on level 7 of the Dungeon)

   [amulet of the acrobat]

   It increases your evasion while moving and waiting.
   rF:        It protects you from fire.
   +Blink:    It lets you blink.
 d - a ring of fire
 r - a ring of wizardry
Scrolls
 g - 2 scrolls of immolation
 h - a scroll of enchant armour
 i - a scroll of magic mapping
 k - a scroll of amnesia
 m - a scroll of enchant weapon
 n - 2 scrolls of teleportation
 p - a scroll of fear {unknown}
Potions
 e - 3 potions of curing
 l - 2 potions of might
 o - a potion of resistance {unknown}
 q - a potion of heal wounds {unknown}
 t - a potion of haste {unknown}
 u - a potion of mutation {unknown}


   Skills:
 * Level 9.8 Fighting
 * Level 3.2 Axes
 + Level 5.9 Armour
 + Level 5.1 Dodging
 + Level 6.0 Shields
 - Level 3.0 Unarmed Combat
 + Level 6.2 Invocations


You had 9 spell levels left.
You didn't know any spells.
Your spell library contained the following spells:

 Spells                   Type           Power      Damage    Failure   Level
 Corpse Rot               Necr/Air       0%         N/A       95%         2
 Poisonous Vapours        Pois/Air       0%         N/A       95%         2
 Airstrike                Air            0%         N/A       100%        4
 Summon Lightning Spire   Summ/Air       0%         N/A       100%        4
 Lightning Bolt           Conj/Air       0%         1d11      100%        5


Dungeon Overview and Level Annotations

Branches:
Dungeon (8/15)             Temple (1/1) D:6
   Lair: D:8-11

Altars:
Ashenzari
Cheibriados
Elyvilon
Gozag
Makhleb
Nemelex Xobeh
Okawaru
Ru
Sif Muna
Trog
Uskayaw
Vehumet
Xom
Zin
The Shining One
Jiyva

Shops:
D:2 (

Annotations:
D:8 Gastronok


Innate Abilities, Weirdness & Mutations

You thrive by killing the living.
You are immune to poison.
You have sharp fingernails.
Your flesh is cold resistant. (rC+)
You are immune to negative energy. (rN+++)
You do not regenerate when monsters are visible.
You are immune to unholy pain and torment.


Message History

Gastronok bites you but does no damage.
You hit Gastronok but do no damage.
Gastronok is moderately wounded.
You slash Gastronok!
Gastronok is moderately wounded.
Gastronok bites you!
You hit Gastronok.
Gastronok is moderately wounded.
Gastronok bites you but does no damage.
You slice Gastronok!!
Gastronok is moderately wounded.
You slash Gastronok!
Gastronok is heavily wounded.
Gastronok completely misses you.
You slash Gastronok!
Gastronok is heavily wounded.
Gastronok casts a spell at you.
You feel yourself slow down.
You slash Gastronok!
Gastronok is heavily wounded.
Gastronok bites you!!
You hit Gastronok but do no damage.
Gastronok is heavily wounded.
Gastronok closely misses you.
You slash Gastronok!
Gastronok is heavily wounded.
Gastronok misses you.
You barely miss Gastronok.
Gastronok is heavily wounded.
Gastronok waves his eye-stalks in wide circles.
The air twists around and strikes you!!
You slash Gastronok!
Gastronok is severely wounded.
Gastronok bites you!!
* * * LOW HITPOINT WARNING * * *
You slice Gastronok!!
Gastronok is severely wounded.
Gastronok's mouth opens, radula flailing wildly.
Gastronok bites you!!
You die...

#......###.. #........... ###
###........... ###..##
########.[[.......... ###.....#
###.........[..........
#.......###.........######.......
..........w..†.....## ##.......
..........#####w...# #........
.........## #.@..# ##........
........w.# ##.<## #.....>...
..........# #..# #.........
..........# #### ####......
..........# #####.. ..........#
##. ..........# #.. #.........#
#.. ###..###### ...


You could see Gastronok (swift).

Vanquished Creatures
  Prince Ribbit (D:5)
  Sigmund (D:2)
  9 yaks
  A wraith (D:6)
  Grum (D:8)
  Menkaure (D:4)
  A hornet zombie (D:6)
  3 ice beasts
  An orc warrior (D:7)
  3 sky beasts
  6 wolves
  3 ogres
  A centaur (D:5)
  A phantom (D:5)
  2 bullfrogs
  A scorpion (D:5)
  A water moccasin skeleton (D:6)
  6 killer bees
  4 howler monkeys
  3 hounds
  2 orc priests
  A gnoll shaman (D:6)
  2 bullfrog skeletons
  A centaur skeleton (D:6)
  An iguana (D:6)
  7 orc wizards
  A hound skeleton (D:4)
  A howler monkey zombie (D:6)
  7 gnolls
  7 adders
  An ufetubus (D:5)
  2 worms
  3 dart slugs
  15 orcs
  7 ball pythons
  5 bats
  5 endoplasms
  4 giant cockroaches
  6 goblins
  7 hobgoblins
  6 jackals
  4 quokkas
  5 frilled lizards
  7 kobolds
  6 rats
163 creatures vanquished.

Vanquished Creatures (others)
  A water moccasin (D:7)
  An ice beast (D:5)
  An orc warrior (D:6)
  A kobold brigand (D:7)
  14 jellies
  2 howler monkeys
  An electric eel (D:8)
  A hound (D:8)
  A bullfrog skeleton (D:5)
  An orc wizard (D:7)
  An ufetubus (D:7)
  A worm (D:5)
  An endoplasm (D:4)
  6 orcs (D:7)
  A ball python (D:4)
  2 kobolds (D:7)
36 creatures vanquished.

Grand Total: 199 creatures vanquished

Notes
Turn   | Place    | Note
-------+----------+-------------------------------------------
     0 | D:1      | HallandMoats the Ghoul Fighter began the quest for the Orb.
     0 | D:1      | Reached XP level 1. HP: 19/19 MP: 0/0
   285 | D:1      | Reached XP level 2. HP: 23/26 MP: 1/1
   616 | D:1      | Reached XP level 3. HP: 31/31 MP: 2/2
   707 | D:2      | You fall into a shaft and drop 2 floors!
   742 | D:4      | Noticed an ogre
  1557 | D:2      | Reached XP level 4. HP: 40/40 MP: 3/3
  1824 | D:2      | Reached skill level 1 in Dodging
  1849 | D:2      | Reached skill level 1 in Invocations
  2045 | D:2      | Found Izxal's Weapon Boutique.
  2092 | D:2      | Reached skill level 4 in Fighting
  2260 | D:2      | Noticed Sigmund
  2270 | D:2      | Killed Sigmund
  2271 | D:2      | Reached XP level 5. HP: 17/47 MP: 3/5
  2271 | D:2      | Reached XP level 6. HP: 19/55 MP: 3/6
  2534 | D:2      | Found a faded altar of an unknown god.
  2661 | D:2      | Prayed at the altar of an unknown god.
  2661 | D:2      | Became a worshipper of Jiyva Jeamp the Shapeless
  2661 | D:2      | Reached * piety under Jiyva
  2794 | D:3      | Found a shimmering blue altar of Sif Muna.
  3229 | D:4      | Reached skill level 5 in Fighting
  3421 | D:4      | Reached XP level 7. HP: 45/61 MP: 7/7
  3535 | D:4      | Found an iron altar of Okawaru.
  3535 | D:4      | Found a sacrificial altar of Ru.
  3586 | D:4      | Noticed Menkaure
  3599 | D:4      | Killed Menkaure
  3709 | D:4      | Reached ** piety under Jiyva
  3849 | D:4      | Reached skill level 6 in Fighting
  3901 | D:5      | Entered Level 5 of the Dungeon
  3925 | D:5      | Reached XP level 8. HP: 48/71 MP: 9/9
  4301 | D:5      | Found a burning altar of Makhleb.
  4331 | D:5      | Found a snail-covered altar of Cheibriados.
  4340 | D:5      | Reached skill level 7 in Fighting
  4861 | D:6      | Noticed Prince Ribbit
  4962 | D:5      | Killed Prince Ribbit
  4963 | D:5      | Reached XP level 9. HP: 49/81 MP: 11/11
  5001 | D:6      | Reached skill level 5 in Shields
  5022 | D:6      | Reached skill level 8 in Fighting
  5059 | D:6      | Found a sparkling altar of Nemelex Xobeh.
  5064 | D:6      | Reached skill level 5 in Armour
  5076 | D:6      | Reached *** piety under Jiyva
  5141 | D:6      | Found a staircase to the Ecumenical Temple.
  5174 | Temple   | Entered the Ecumenical Temple
  5182 | Temple   | Reached skill level 5 in Invocations
  5861 | D:7      | Identified the amulet "Xopior" {Acrobat +Blink rF+}
  6359 | D:8      | Reached skill level 9 in Fighting
  6382 | D:8      | Reached skill level 1 in Axes
  6386 | D:8      | Reached XP level 10. HP: 33/91 MP: 13/13
  6465 | D:8      | Noticed Grum
  6577 | D:7      | Reached skill level 5 in Dodging
  6608 | D:8      | Killed Grum
  6684 | D:8      | Noticed Gastronok
  6754 | D:8      | Mangled by Gastronok

Illustrated notes

Levels and vault maps discovered:
D:1:      dpeg_arrival_shelter, layout_loops_cross, st_stairs_4,
          nrook_mini_vaults, minmay_pentomino_r2
D:2:      layout_basic, basic_ecumenical_altar, serial_shops, shop, uniq_sigmund
D:3:      layout_basic, general_overflow_altar, minmay_strange_pillars
D:4:      layout_rooms, gammafunk_temple_overflow_pools, cheibrodos_gnoll_hut,
          uniq_menkaure
D:5:      layout_gridville, mainiacjoe_overflow_small_starburst,
          mainiacjoe_overflow_two_lobes, chequers_garden
D:6:      layout_rooms, kennysheep_little_box, minmay_temple_entry_mist,
          uniq_prince_ribbit1
D:7:      layout_loops_ring
D:8:      layout_cave_pods, lemuel_tele_altar, erik_lair_island,
          serial_column_ruins, column_ruins_columns_plus,
          column_ruins_open_small, column_ruins_open_tiny,
          column_ruins_open_tiny, column_ruins_grid_1, uniq_gastronok, uniq_grum
Temple:   eino_narrow_crystal_temple

Skill      XL: |  1  2  3  4  5  6  7  8  9 10 |
---------------+-------------------------------+-----
Unarmed Combat | 3 |  3.0
Shields        | 3 4 5 6 |  6.0
Armour         | 3 4 5 |  5.9
Dodging        | 1 2 3 4 5 |  5.1
Invocations    | 2 3 4 5 6 |  6.2
Fighting       | 4 5 6 7 9 |  9.8
Axes           | 2 3 |  3.2

Action                   |  1- 3 |  4- 6 |  7- 9 | 10-12 || total
-------------------------+-------+-------+-------+-------++-------
Melee: Unarmed           |   129 |    12 |       |       ||   141
       Hand axe          |       |   121 |   455 |       ||   576
       War axe           |       |       |    33 |    98 ||   131
Invok: Oozemancy         |       |       |     2 |     1 ||     3
  Use: Scroll            |     2 |       |     6 |       ||     8
       Potion            |       |     1 |     1 |       ||     2
Armor: Scale mail        |    68 |    58 |   284 |    33 ||   443
Dodge: Dodged            |    69 |    80 |   319 |   128 ||   596
Block: Buckler           |    20 |    27 |   150 |    34 ||   231

Table legend: (Time is in decaauts)
 A = Elapsed time spent in this place.
 B = Non-inter-level travel time spent in this place.
 C = Inter-level travel time spent in this place.
 D = Time resting spent in this place.
 E = Time spent auto-exploring this place.
 F = Levels seen in this place.
 G = Mean time per level.
                   A        B        C        D        E       F      G
               +--------+--------+--------+--------+--------+-----+--------+
         Total |   7074 |   6826 |    248 |    572 |   4157 |   9 |  786.0 |
       Dungeon |   7017 |   6769 |    248 |    530 |   4157 |   8 |  877.1 |
        Temple |     57 |     57 |      0 |     42 |      0 |   1 |   57.0 |
               +--------+--------+--------+--------+--------+-----+--------+

Top non-repeatable levels by time:
     D:3: 1366 daAuts
     D:2: 1175 daAuts
     D:5: 981 daAuts
     D:7: 911 daAuts
     D:6: 803 daAuts
     D:4: 715 daAuts
     D:1: 706 daAuts
     D:8: 357 daAuts
  Temple: 57 daAuts
